 Dungeon Crawl Stone Soup version 0.30-a0-591-g3c58d2bc28 (webtiles) character file.

Game seed: 9913249782104482836

91 OTABOTABOTAB the Shield-Bearer (level 4, -1/24 HPs)
             Began as a Vine Stalker Fighter on Jan 5, 2023.
             Slain by a gnoll
             ... wielding a +0 whip
              (5 damage)
             ... on level 4 of the Dungeon.
             The game lasted 00:01:45 (2103 turns).

OTABOTABOTAB the Shield-Bearer (VSFi)               Turns: 2103, Time: 00:01:45

Health: -1/24      AC:  6    Str: 21    XL:     4   Next: 59%
Magic:  0/5        EV:  9    Int:  8    God:
Gold:   176        SH:  4    Dex: 13    Spells: 3/3 levels left

rFire   . . .      SeeInvis .    f - +1 short sword (elec)
rCold   . . .      Faith    .    c - +0 buckler
rNeg    . . .      Spirit   +    b - +0 scale mail
rPois   .          Reflect  .    (no helmet)
rElec   .          Harm     .    (no cloak)
rCorr   .          Rampage  .    (no gloves)
Will    .....                    (no boots) Stlth
                                 (no amulet)
HPRegen 1.04/turn                (no ring)
MPRegen 0.09/turn                (no ring)

@: mighty
A: fangs 2, regeneration 1, magic shield, antimagic bite, no potion heal 2
a: no special abilities


You were on level 4 of the Dungeon.
You visited 1 branch of the dungeon, and saw 4 of its levels.

You collected 176 gold pieces.

Inventory:

Hand Weapons
 a - a +0 rapier
 f - a +1 short sword of electrocution (weapon)
   (You took it off a kobold on level 1 of the Dungeon)
 l - a +3 dagger
   (You took it off a goblin on level 2 of the Dungeon)
Missiles
 j - 5 poisoned darts
 s - 8 stones (quivered)
Armour
 b - a +0 scale mail (worn)
 c - a +0 buckler (worn)
Magical Staves
 e - a staff of fire {rF+}
   (You found it on level 1 of the Dungeon)
Scrolls
 h - 2 scrolls of immolation {unknown}
 i - 4 scrolls of identify {unknown}
 n - a scroll of magic mapping {unknown}
 o - a scroll of enchant armour {unknown}
 q - a scroll of fear {unknown}
 u - a scroll of fog {unknown}
 v - a scroll of vulnerability {unknown}
Potions
 d - a potion of cancellation {unknown}
 g - a potion of berserk rage {unknown}
 k - a potion of heal wounds {unknown}
 m - a potion of attraction {unknown}
 p - a potion of magic {unknown}
 r - 2 potions of lignification {unknown}
 t - a potion of mutation {unknown}
 M - a potion of might


   Skills:
 + Level 3.1 Fighting
 * Level 3.0 Short Blades
 + Level 2.8 Armour
 + Level 3.2 Shields


You had 3 spell levels left.
You didn't know any spells.
Your spell library contained the following spells:

 Spells                   Type           Power      Damage    Failure   Level
 Foxfire                  Conj/Fire      0%         2x1d4     85%         1
 Blink                    Tloc           0%         N/A       94%         2
 Momentum Strike          Conj/Tloc      0%         3d8       94%         2
 Lesser Beckoning         Tloc           0%         N/A       99%         3
 Fireball                 Conj/Fire      0%         3d3       100%        5
 Starburst                Conj/Fire      0%         6d3       100%        6


Dungeon Overview and Level Annotations

Branches:
Dungeon (4/15)
 Temple: D:4-7

Altars:


Innate Abilities, Weirdness & Mutations

You have extremely sharp teeth.
Your natural rate of healing is unusually fast.
When hurt, damage is shared between your health and your magic reserves.
Your bite disrupts and absorbs the magic of your enemies.
Potions cannot restore your health.


Message History

There are monsters nearby!
You hit the giant cockroach.
You kill the giant cockroach!
A quokka is nearby!
You hit the quokka.
You kill the quokka!
There is an open door here.
You see here a giant cockroach corpse.
u - a scroll labelled OTAZEECKE No target in view!
You open the door.
There is an open door here.
Found a stone staircase leading up.
No target in view!
You now have 160 gold pieces (gained 12).
s - 8 stones (gained 6)
You now have 176 gold pieces (gained 16).
You see here a +0 sling.
There is a stone staircase leading up here.
M - 2 potions of might (gained 1)
v - a scroll labelled VAL OQIRUAF No target in view!
You see here a +0 rapier.
i - 4 scrolls labelled FEWNUSCHI XAUXKOKO (gained 1) Done exploring.
No target in view!
Done exploring.
No target in view!
Done exploring.
No target in view!
Done exploring.
No target in view!
Search for what [? for help]? altar Unknown command.
Done exploring.
Done exploring.
Done exploring.
Done exploring.
Done exploring.
Done exploring.
(D) Dungeon
Where to? (Enter - D:3, ? - help)
There is an open door here.
You open the door.
There is an open door here.
There is a stone staircase leading down here.
You climb downwards.
The gnoll shouts! x2; You hear a shout!
You hear a bark!
You hear a shout!
Found 10 gold pieces and 7 stones.
Found an escape hatch in the floor.
There is a stone staircase leading up here.
There are monsters nearby!
There are monsters nearby!
There are monsters nearby!
There are monsters nearby!
You closely miss the gnoll. Your bite misses the gnoll.
You hear a shout! x2
A hound comes into view.
Unknown command.
You hit the gnoll. You bite the gnoll. You drain its power.
The gnoll barely misses you. The gnoll hits you with a +0 flail.
You take 3 damage, and have 21/24 hp.
You block the gnoll's attack.
The ice beast hits you but does no damage.
The ice beast attacks as you move away!
The ice beast hits you but does no damage.
The gnoll attacks as you move away! The gnoll hits you with a +0 flail.
The gnoll closely misses you.
You take 3 damage, and have 19/24 hp.
You now have 4/5 mp.
The gnoll attacks as you move away! The gnoll hits you with a +0 whip.
The ice beast attacks as you move away!
The ice beast hits you but does no damage.
Found a stone staircase leading up.
The hound bites you but does no damage.
You take 2 damage, and have 17/24 hp.
You now have 3/5 mp.
You block the gnoll's attack. The hound barely misses you.
The gnoll attacks as you move away! The gnoll hits you but does no damage.
The hound closely misses you.
A goblin comes into view. It is wielding a +0 dagger.
The gnoll hits you with a +0 flail. The hound bites you.
You take 5 damage, and have 13/24 hp.
MASSIVE DAMAGE!!
You now have 2/5 mp.
The hound attacks as you move away! The hound closely misses you.
The goblin shouts!
You hear a shout!
The gnoll hits you with a +0 flail!
A goblin comes into view. It is wielding a +0 dagger.
You see here 10 gold pieces.
You take 5 damage, and have 8/24 hp.
MASSIVE DAMAGE!!
You now have 1/5 mp.
You completely miss the goblin. The gnoll hits you but does no damage.
The gnoll hits you with a +0 flail!
* * * LOW HITPOINT WARNING * * *
The goblin hits you but does no damage.
You take 5 damage, and have 3/24 hp.
MASSIVE DAMAGE!!
You now have 0/5 mp.
Okay, then.
You feel very mighty all of a sudden. The gnoll hits you with a +0 whip.
You die...

###########.
#...<.......
#.#.......#.
#ghg......#
#ggY....#.#
#@##....>..(
#g##.####.#.
.g.#.# .#
.#..#.. #
..#<.. ..
..... #..
..... ..
......


You could see an ice beast, a hound, 3 gnolls and 3 goblins.

Vanquished Creatures
  2 adders (D:2)
  2 worms
  7 endoplasms
  2 giant cockroaches
  4 goblins
  9 hobgoblins
  4 jackals (D:2)
  4 quokkas
  2 ball pythons (D:1)
  4 bats
  11 frilled lizards
  9 kobolds
  6 rats
66 creatures vanquished.

Vanquished Creatures (others)
  6 plants (D:1)
  3 withered plants (D:2)
9 creatures vanquished.

Grand Total: 75 creatures vanquished

Notes
Turn   | Place    | Note
-------+----------+-------------------------------------------
     0 | D:1      | OTABOTABOTAB the Vine Stalker Fighter began the quest for
                  | the Orb.
     0 | D:1      | Reached XP level 1. HP: 11/11 MP: 2/2
    71 | D:1      | Reached skill level 2 in Short Blades
    76 | D:1      | Reached XP level 2. HP: 16/16 MP: 3/3
   440 | D:1      | Reached XP level 3. HP: 19/19 MP: 4/4
   453 | D:1      | Reached skill level 3 in Shields
   515 | D:1      | Reached skill level 3 in Fighting
   721 | D:2      | Gained mutation: Your natural rate of healing is unusually
                  | fast. [Vine Stalker growth]
   721 | D:2      | Reached XP level 4. HP: 16/23 MP: 5/5
  1201 | D:2      | Found a faded altar of an unknown god.
  1477 | D:3      | Reached skill level 3 in Short Blades
  2093 | D:4      | Noticed an ice beast
  2102 | D:4      | HP: 3/24 [gnoll/+0 flail (6)]
  2103 | D:4      | Slain by a gnoll

Illustrated notes

Levels and vault maps discovered:
D:1:      minmay_arrival_checkered_box, layout_basic, minmay_lizard_king
D:2:      layout_basic, ebering_ecumenical_altar_petrified, minivault_19
D:3:      layout_loops_corners
D:4:      layout_basic, gammafunk_temple_overflow_forgotten, uniq_robin

Skill      XL: |  1  2  3  4 |
---------------+-------------+-----
Short Blades   | 2 3 |  3.0
Shields        | 3 |  3.2
Fighting       | 3 |  3.1
Armour         | |  2.8

Action                   |  1- 3 |  4- 6 || total
-------------------------+-------+-------++-------
Melee: Rapier            |     6 |       ||     6
       Short sword       |   103 |    51 ||   154
       Bite              |    18 |    10 ||    28
Throw: Stone             |    21 |     9 ||    30
  Use: Potion            |       |     1 ||     1
Armor: Scale mail        |    39 |    16 ||    55
Dodge: Dodged            |    49 |    20 ||    69
Block: Buckler           |    18 |     7 ||    25

Table legend: (Time is in decaauts)
 A = Elapsed time spent in this place.
 B = Non-inter-level travel time spent in this place.
 C = Inter-level travel time spent in this place.
 D = Time resting spent in this place.
 E = Time spent auto-exploring this place.
 F = Levels seen in this place.
 G = Mean time per level.
                   A        B        C        D        E       F      G
               +--------+--------+--------+--------+--------+-----+--------+
         Total |   2094 |   2018 |     76 |      0 |   1672 |   4 |  523.5 |
       Dungeon |   2094 |   2018 |     76 |      0 |   1672 |   4 |  523.5 |
               +--------+--------+--------+--------+--------+-----+--------+

Top non-repeatable levels by time:
     D:3: 785 daAuts
     D:2: 755 daAuts
     D:1: 543 daAuts
     D:4: 9 daAuts

Table legend:
 A = Kills in this place as a percentage of kills in entire the game.
 B = Kills by you in this place as a percentage of kills by you in the entire game.
 C = Kills by friends in this place as a percentage of kills by friends in the entire game.
 D = Other kills in this place as a percentage of other kills in the entire game.
 E = Experience gained in this place as a percentage of experience gained in the entire game.
 F = Experience gained in this place divided by the number of levels of this place that you have seen.
                   A       B       C       D       E      F
               +-------+-------+-------+-------+-------+----------------------
         Total | 100.0 | 100.0 |   N/A |   N/A | 100.0 |  32.8
       Dungeon | 100.0 | 100.0 |   N/A |   N/A | 100.0 |  32.8
               +-------+-------+-------+-------+-------+----------------------
